| TOP OF THE 1ST |
|
Kansas City Royals batting - Pitching for Boston Red Sox : RHP Adam Thomas
|
|
Pitching: RHP Adam Thomas
|
|
|
Batting: RHB Mike Jaquez
|
0-0: Swinging Strike 0-1: Foul Ball, location: 2F 0-2: Strikes out swinging
|
|
Batting: RHB Imbart Faber
|
0-0: Swinging Strike 0-1: Ball 1-1: Fly out, F8 (Flyball, 8RM, EV 95.0 MPH)
|
|
Batting: LHB Mike Meyerhoff
|
0-0: Fly out, F8 (Flyball, 78D, EV 108.1 MPH)
|
| Top of the 1st over - 0 runs, 0 hits, 0 errors, 0 left on base; Kansas City 0 - Boston 0 |
| BOTTOM OF THE 1ST |
|
Boston Red Sox batting - Pitching for Kansas City Royals : RHP Brandon Ferrari
|
|
Pitching: RHP Brandon Ferrari
|
|
|
Batting: SHB Robbie Rogers
|
0-0: SINGLE (Groundball, 4D, EV 98.8 MPH)
|
|
Batting: LHB John Bailey
|
0-0: Called Strike 0-1: Fly out, F8 (Flyball, 78XD, EV 83.8 MPH)
|
|
Batting: SHB Mark Rennie
|
0-0: Ball 1-0: Ball 2-0: Ball 3-0: Base on Balls Robbie Rogers to second
|
|
Batting: LHB Ernesto Cedillos
|
0-0: Ball 1-0: Swinging Strike 1-1: Swinging Strike 1-2: Strikes out looking
|
|
Batting: SHB Rich Chavez
|
0-0: Ball 1-0: Ball 2-0: Foul Ball, location: 2F 2-1: Ball 3-1: Base on Balls Robbie Rogers to third Mark Rennie to second
|
|
Batting: LHB Kevin McCormic Jr.
|
0-0: Foul Ball, location: 2F 0-1: DOUBLE (Groundball, 3L, EV 100.0 MPH) Robbie Rogers scores Mark Rennie scores Rich Chavez to third Runner from 3rd tries for Home, SAFE, no throw by RF
|
|
Batting: RHB Nick Esteves
|
0-0: Foul Ball, location: 2F 0-1: Swinging Strike 0-2: Fly out, F4 (Popup, 34, EV 55.6 MPH)
|
| Bottom of the 1st over - 3 runs, 2 hits, 0 errors, 1 left on base; Kansas City 0 - Boston 3 |
| TOP OF THE 2ND |
|
Kansas City Royals batting - Pitching for Boston Red Sox : RHP Adam Thomas
|
|
Batting: SHB Tony Prado
|
0-0: Ball 1-0: Foul Ball, location: 2F 1-1: Ground out 6-3 (Groundball, 4M, EV 105.0 MPH)
|
|
Batting: RHB Aaron Matthews
|
0-0: Ball 1-0: Called Strike 1-1: Ball 2-1: Ball 3-1: Foul Ball, location: 2F 3-2: Foul Ball, location: 2F 3-2: Base on Balls
|
|
Batting: SHB Gareth Busby
|
0-0: Called Strike Aaron Matthews steals 2nd base 0-1: Foul Ball, location: 2F 0-2: Ground out 5-3 (Groundball, 56, EV 80.0 MPH)
|
|
Batting: LHB Manny Estrada
|
0-0: Called Strike 0-1: Swinging Strike 0-2: Fly out, F9 (Flyball, 9LM, EV 83.8 MPH)
|
| Top of the 2nd over - 0 runs, 0 hits, 0 errors, 1 left on base; Kansas City 0 - Boston 3 |
| BOTTOM OF THE 2ND |
|
Boston Red Sox batting - Pitching for Kansas City Royals : RHP Brandon Ferrari
|
|
Batting: RHB Bill Turnbull
|
0-0: Ball 1-0: Ground out U3 (Groundball, 13, EV 85.6 MPH)
|
|
Batting: RHB Brandon Perris
|
0-0: Called Strike 0-1: Ball 1-1: Ball 2-1: Swinging Strike 2-2: Ground out 6-3 (Groundball, 6S, EV 77.5 MPH)
|
|
Batting: SHB Robbie Rogers
|
0-0: Called Strike 0-1: Ball 1-1: Ball 2-1: Ball 3-1: Base on Balls
|
|
Batting: LHB John Bailey
|
0-0: Ball Robbie Rogers is caught stealing 2nd base 2-6
|
| Bottom of the 2nd over - 0 runs, 0 hits, 0 errors, 0 left on base; Kansas City 0 - Boston 3 |
| TOP OF THE 3RD |
|
Kansas City Royals batting - Pitching for Boston Red Sox : RHP Adam Thomas
|
|
Batting: RHB Alberto Rosales
|
0-0: SOLO HOME RUN (Flyball, 7D, EV 100.0 MPH), Distance : 390 ft
|
|
Batting: LHB Zion Davidson
|
0-0: Swinging Strike 0-1: Foul Ball, location: 2F 0-2: Ball 1-2: Ball 2-2: Strikes out looking
|
|
Batting: RHB Mike Jaquez
|
0-0: Ball 1-0: Ground out 6-3 (Groundball, 6, EV 90.0 MPH)
|
|
Batting: RHB Imbart Faber
|
0-0: Foul Ball, location: 2F 0-1: Ball 1-1: Ground out 6-3 (Groundball, 6, EV 86.9 MPH)
|
| Top of the 3rd over - 1 run, 1 hit, 0 errors, 0 left on base; Kansas City 1 - Boston 3 |
| BOTTOM OF THE 3RD |
|
Boston Red Sox batting - Pitching for Kansas City Royals : RHP Brandon Ferrari
|
|
Batting: LHB John Bailey
|
0-0: Ball 1-0: Called Strike 1-1: Ball 2-1: Swinging Strike 2-2: Strikes out swinging
|
|
Batting: SHB Mark Rennie
|
0-0: Ball 1-0: Called Strike 1-1: Ground out U3 (Groundball, 3, EV 102.5 MPH)
|
|
Batting: LHB Ernesto Cedillos
|
0-0: Ball 1-0: Foul Ball, location: 2F 1-1: Called Strike 1-2: Ball 2-2: Ball 3-2: Base on Balls
|
|
Batting: SHB Rich Chavez
|
0-0: Called Strike 0-1: Foul Ball, location: 2F 0-2: Ball 1-2: Strikes out swinging
|
| Bottom of the 3rd over - 0 runs, 0 hits, 0 errors, 1 left on base; Kansas City 1 - Boston 3 |
| TOP OF THE 4TH |
|
Kansas City Royals batting - Pitching for Boston Red Sox : RHP Adam Thomas
|
|
Batting: LHB Mike Meyerhoff
|
0-0: Ball 1-0: Called Strike 1-1: Called Strike 1-2: Strikes out swinging
|
|
Batting: SHB Tony Prado
|
0-0: Ball 1-0: Ball 2-0: Ball 3-0: Called Strike 3-1: Base on Balls
|
|
Batting: RHB Aaron Matthews
|
0-0: Ball 1-0: Ball 2-0: Ball 3-0: Grounds into double play, 6-4-3 (Groundball, 6, EV 86.2 MPH)
|
| Top of the 4th over - 0 runs, 0 hits, 0 errors, 0 left on base; Kansas City 1 - Boston 3 |
| BOTTOM OF THE 4TH |
|
Boston Red Sox batting - Pitching for Kansas City Royals : RHP Brandon Ferrari
|
|
Batting: LHB Kevin McCormic Jr.
|
0-0: Ball 1-0: Ball 2-0: Ball 3-0: Base on Balls
|
|
Batting: RHB Nick Esteves
|
0-0: Swinging Strike 0-1: Foul Ball, location: 2F 0-2: Ball 1-2: Foul Ball, location: 2F 1-2: Ball 2-2: SINGLE (Line Drive, 4MD, EV 106.2 MPH) Kevin McCormic Jr. to second
|
|
Batting: RHB Bill Turnbull
|
0-0: Ball 1-0: Called Strike 1-1: Swinging Strike 1-2: SINGLE (Line Drive, 7LS, EV 90.6 MPH) Kevin McCormic Jr. to third Nick Esteves to second
|
|
Batting: RHB Brandon Perris
|
0-0: Swinging Strike 0-1: Swinging Strike 0-2: Strikes out swinging
|
|
Batting: SHB Robbie Rogers
|
0-0: Ball 1-0: Ball 2-0: Ball 3-0: Fielders Choice at 2nd, 5-4 (Groundball, 56, EV 90.6 MPH) Kevin McCormic Jr. scores Nick Esteves to third
|
|
Batting: LHB John Bailey
|
0-0: Ball 1-0: SINGLE (Groundball, 56S, EV 61.9 MPH) (infield hit) Nick Esteves scores Robbie Rogers to second
|
|
Pitching: RHP Nick Harmon
|
|
|
Batting: SHB Mark Rennie
|
0-0: Ball 1-0: Foul Ball, location: 2F 1-1: Ball 2-1: Ball 3-1: Base on Balls Robbie Rogers to third John Bailey to second
|
|
Batting: LHB Ernesto Cedillos
|
0-0: Ball 1-0: Foul Ball, location: 2F 1-1: SINGLE (Groundball, 3D, EV 106.2 MPH) Robbie Rogers scores John Bailey to third Mark Rennie to second Runner from 3rd tries for Home, throw by RF and OUT! 9-2
|
| Bottom of the 4th over - 3 runs, 4 hits, 0 errors, 2 left on base; Kansas City 1 - Boston 6 |
| TOP OF THE 5TH |
|
Kansas City Royals batting - Pitching for Boston Red Sox : RHP Adam Thomas
|
|
Batting: SHB Gareth Busby
|
0-0: Swinging Strike 0-1: DOUBLE (Line Drive, 9LM, EV 101.2 MPH)
|
|
Batting: LHB Manny Estrada
|
0-0: Ball 1-0: Ball 2-0: Ball 3-0: Called Strike 3-1: Called Strike 3-2: Base on Balls
|
|
Batting: RHB Alberto Rosales
|
0-0: Foul Ball, location: 2F 0-1: SINGLE (Groundball, 6S, EV 70.0 MPH) (infield hit) Gareth Busby to third Manny Estrada to second
|
|
Batting: LHB Zion Davidson
|
0-0: Ball 1-0: Called Strike 1-1: Foul Ball, location: 2F 1-2: GRAND SLAM HOME RUN (Flyball, 89XD, EV 112.5 MPH), Distance : 443 ft
|
|
Pitching: RHP Danny Klomp
|
|
|
Batting: SHB Gil Switzer
|
0-0: Ball 1-0: Called Strike 1-1: Foul Ball, location: 2F 1-2: Ball 2-2: Foul Ball, location: 2F 2-2: Strikes out looking
|
|
Batting: RHB Imbart Faber
|
0-0: Ball 1-0: Called Strike 1-1: DOUBLE (Groundball, 5L, EV 105.0 MPH)
|
|
Batting: LHB Mike Meyerhoff
|
0-0: TRIPLE (Line Drive, 7D, EV 103.1 MPH) Imbart Faber scores
|
|
Batting: SHB Tony Prado
|
0-0: Ball 1-0: Ball 2-0: Fly out, F9 (Flyball, 9D, EV 104.4 MPH) Runner from 3rd tags up, SCORES, no throw by RF
|
|
Batting: RHB Aaron Matthews
|
0-0: Foul Ball, location: 2F 0-1: Foul Ball, location: 2F 0-2: Foul Ball, location: 2F 0-2: Ball 1-2: Foul Ball, location: 2F 1-2: Foul Ball, location: 2F 1-2: Ball 2-2: Foul Ball, location: 2F 2-2: Strikes out swinging
|
| Top of the 5th over - 6 runs, 5 hits, 0 errors, 0 left on base; Kansas City 7 - Boston 6 |
| BOTTOM OF THE 5TH |
|
Boston Red Sox batting - Pitching for Kansas City Royals : RHP Nick Harmon
|
|
Batting: SHB Rich Chavez
|
0-0: Ball 1-0: SINGLE (Line Drive, 5D, EV 99.4 MPH)
|
|
Batting: LHB Kevin McCormic Jr.
|
0-0: Ball 1-0: Fly out, F8 (Flyball, 8LS, EV 88.8 MPH)
|
|
Batting: RHB Nick Esteves
|
0-0: 2-RUN HOME RUN (Flyball, 9LD, EV 96.9 MPH), Distance : 342 ft
|
|
Batting: RHB Bill Turnbull
|
0-0: Ball 1-0: Called Strike 1-1: Called Strike 1-2: Ball 2-2: Ball 3-2: Fly out, F9 (Line Drive, 9, EV 96.9 MPH)
|
|
Batting: RHB Brandon Perris
|
0-0: Ball 1-0: Ball 2-0: Called Strike 2-1: Called Strike 2-2: Ball 3-2: Base on Balls
|
|
Batting: SHB Robbie Rogers
|
0-0: Ball 1-0: SINGLE (Line Drive, 4M, EV 96.9 MPH) Brandon Perris to second
|
|
Batting: LHB John Bailey
|
0-0: Ground out 3-1 (Groundball, 34, EV 110.0 MPH)
|
| Bottom of the 5th over - 2 runs, 3 hits, 0 errors, 2 left on base; Kansas City 7 - Boston 8 |
| TOP OF THE 6TH |
|
Kansas City Royals batting - Pitching for Boston Red Sox : RHP Danny Klomp
|
|
Batting: SHB Gareth Busby
|
0-0: Foul Ball, location: 2F 0-1: Foul Ball, location: 2F 0-2: Ball 1-2: Fly out, F5 (Flyball, 5D, EV 88.8 MPH)
|
|
Pitching: LHP Mike Nimmo
|
|
|
Pinch Hitting: RHB Jordan Diaz
|
0-0: Ground out 6-3 (Groundball, 6, EV 83.8 MPH)
|
|
Batting: RHB Alberto Rosales
|
0-0: Ball 1-0: SINGLE (Line Drive, 34D, EV 111.9 MPH)
|
|
Pinch Hitting: RHB Adam Martin
|
0-0: Called Strike 0-1: Ball 1-1: Foul Ball, location: 2F 1-2: Ball 2-2: Foul Ball, location: 2F 2-2: Ball 3-2: Foul Ball, location: 2F 3-2: Foul Ball, location: 2F 3-2: Strikes out swinging
|
| Top of the 6th over - 0 runs, 1 hit, 0 errors, 1 left on base; Kansas City 7 - Boston 8 |
| BOTTOM OF THE 6TH |
|
Boston Red Sox batting - Pitching for Kansas City Royals : RHP Nick Harmon
|
|
DELAY
|
Rain delay of 26 minutes in the 6th inning.
|
|
Now at 1B: Adam Martin
|
|
|
Now in LF: Jordan Diaz
|
|
|
Batting: SHB Mark Rennie
|
0-0: Ball 1-0: DOUBLE (Line Drive, 89D, EV 111.2 MPH)
|
|
Batting: LHB Ernesto Cedillos
|
0-0: SINGLE (Line Drive, 89M, EV 93.8 MPH) Mark Rennie to third
|
|
Batting: SHB Rich Chavez
|
0-0: Ball 1-0: Foul Ball, location: 2F 1-1: Foul Ball, location: 2F 1-2: Strikes out swinging
|
|
Batting: LHB Kevin McCormic Jr.
|
0-0: Foul Ball, location: 2F 0-1: Ball 1-1: Ball 2-1: Called Strike 2-2: Ball 3-2: Ground out U3 (Groundball, 23, EV 90.0 MPH) Ernesto Cedillos to second
|
|
Batting: RHB Nick Esteves
|
0-0: Foul Ball, location: 2F 0-1: Fly out, F9 (Flyball, 9, EV 82.5 MPH)
|
| Bottom of the 6th over - 0 runs, 2 hits, 0 errors, 2 left on base; Kansas City 7 - Boston 8 |
| TOP OF THE 7TH |
|
Kansas City Royals batting - Pitching for Boston Red Sox : LHP Mike Nimmo
|
|
Pitching: LHP Adam Schneidewind
|
|
|
Batting: SHB Gil Switzer
|
0-0: SINGLE (Line Drive, 4D, EV 99.4 MPH)
|
|
Batting: RHB Imbart Faber
|
0-0: Ball 1-0: Ball 2-0: Sac Bunt to 13S - play at first, batter OUT! 1-4 Gil Switzer to second
|
|
Batting: LHB Mike Meyerhoff
|
0-0: Foul Ball, location: 2F 0-1: Foul Ball, location: 2F 0-2: Foul Ball, location: 2F 0-2: Strikes out swinging
|
|
Batting: SHB Tony Prado
|
0-0: Ball 1-0: Ball 2-0: Ball 3-0: Base on Balls
|
|
Pinch Runner at 2nd Avery Maxwell:
|
|
|
Batting: RHB Aaron Matthews
|
0-0: Ball 1-0: Called Strike 1-1: Ball 2-1: Fielders Choice at 2nd, 6-4 (Groundball, 56, EV 87.5 MPH)
|
| Top of the 7th over - 0 runs, 1 hit, 0 errors, 2 left on base; Kansas City 7 - Boston 8 |
| BOTTOM OF THE 7TH |
|
Boston Red Sox batting - Pitching for Kansas City Royals : RHP Nick Harmon
|
|
Pitching: RHP Travis Lakatos
|
|
|
Batting: RHB Bill Turnbull
|
0-0: Reached on error, E5 (Groundball, 5, EV 87.5 MPH)
|
|
Batting: RHB Brandon Perris
|
0-0: Grounds into double play, 4-6-3 (Groundball, 4, EV 98.1 MPH)
|
|
Batting: SHB Robbie Rogers
|
0-0: Called Strike 0-1: Swinging Strike 0-2: SINGLE (Line Drive, 34D, EV 107.5 MPH)
|
|
Batting: LHB John Bailey
|
0-0: Ball Robbie Rogers steals 2nd, throwing error, E2 Robbie Rogers to third 1-0: Foul Ball, location: 2F 1-1: Foul Ball, location: 2F 1-2: Ball 2-2: Ground out 4-3 (Groundball, 4, EV 106.9 MPH)
|
| Bottom of the 7th over - 0 runs, 1 hit, 2 errors, 1 left on base; Kansas City 7 - Boston 8 |
| TOP OF THE 8TH |
|
Kansas City Royals batting - Pitching for Boston Red Sox : LHP Adam Schneidewind
|
|
Pitching: RHP Edgar Saldivar
|
|
|
Batting: SHB Gareth Busby
|
0-0: Called Strike 0-1: Foul Ball, location: 2F 0-2: SOLO HOME RUN (Flyball, 7LD, EV 96.2 MPH), Distance : 365 ft
|
|
Batting: RHB Jordan Diaz
|
0-0: Ball 1-0: Foul Ball, location: 2F 1-1: Ball 2-1: Ball 3-1: Called Strike 3-2: Foul Ball, location: 2F 3-2: Ground out 5-3 (Groundball, 5L, EV 111.9 MPH)
|
|
Batting: RHB Alberto Rosales
|
0-0: Ball 1-0: Foul Ball, location: 2F 1-1: Ball 2-1: DOUBLE (Groundball, 5L, EV 102.5 MPH)
|
|
Batting: RHB Adam Martin
|
0-0: Ball 1-0: Fly out, F4 (Line Drive, 4, EV 69.4 MPH)
|
|
Batting: RHB Avery Maxwell
|
0-0: Foul Ball, location: 2F 0-1: Ball 1-1: Swinging Strike 1-2: Strikes out swinging
|
| Top of the 8th over - 1 run, 2 hits, 0 errors, 1 left on base; Kansas City 8 - Boston 8 |
| BOTTOM OF THE 8TH |
|
Boston Red Sox batting - Pitching for Kansas City Royals : RHP Travis Lakatos
|
|
Batting: SHB Mark Rennie
|
0-0: Ball 1-0: Foul Ball, location: 2F 1-1: Ball 2-1: Swinging Strike 2-2: Fly out, F7 (Flyball, 7, EV 89.4 MPH)
|
|
Batting: LHB Ernesto Cedillos
|
0-0: Fly out, F8 (Flyball, 8RS, EV 91.9 MPH)
|
|
Batting: SHB Rich Chavez
|
0-0: Foul Ball, location: 2F 0-1: DOUBLE (Line Drive, 5D, EV 97.5 MPH)
|
|
Batting: LHB Kevin McCormic Jr.
|
0-0: Called Strike 0-1: Ball Passed Ball! Rich Chavez to third 1-1: Swinging Strike 1-2: Ball 2-2: Foul Ball, location: 2F 2-2: Ground out U3 (Groundball, 3, EV 91.9 MPH)
|
| Bottom of the 8th over - 0 runs, 1 hit, 0 errors, 1 left on base; Kansas City 8 - Boston 8 |
| TOP OF THE 9TH |
|
Kansas City Royals batting - Pitching for Boston Red Sox : RHP Edgar Saldivar
|
|
Pitching: RHP Guadalupe Vasguez
|
|
|
Batting: RHB Imbart Faber
|
0-0: Ball 1-0: Called Strike 1-1: Foul Ball, location: 2F 1-2: Strikes out swinging
|
|
Batting: LHB Mike Meyerhoff
|
0-0: Ball 1-0: Foul Ball, location: 2F 1-1: Swinging Strike 1-2: Ball 2-2: Ball 3-2: Foul Ball, location: 2F 3-2: Strikes out looking
|
|
Batting: SHB Tony Prado
|
0-0: Swinging Strike 0-1: SOLO HOME RUN (Flyball, 89XD, EV 109.4 MPH), Distance : 448 ft
|
|
Batting: RHB Aaron Matthews
|
0-0: Ball 1-0: Called Strike 1-1: Ground out 6-3 (Groundball, 56, EV 80.0 MPH)
|
| Top of the 9th over - 1 run, 1 hit, 0 errors, 0 left on base; Kansas City 9 - Boston 8 |
| BOTTOM OF THE 9TH |
|
Boston Red Sox batting - Pitching for Kansas City Royals : RHP Travis Lakatos
|
|
Pitching: RHP Asa Hahn
|
|
|
Batting: RHB Nick Esteves
|
0-0: Called Strike 0-1: Ground out 4-3 (Groundball, 13, EV 83.1 MPH)
|
|
Pinch Hitting: LHB Brian Gray
|
0-0: Foul Ball, location: 2F 0-1: Called Strike 0-2: Ball 1-2: Strikes out swinging
|
|
Batting: RHB Brandon Perris
|
0-0: Ground out 2-3 (Groundball, 13S, EV 76.2 MPH)
|
| Bottom of the 9th over - 0 runs, 0 hits, 0 errors, 0 left on base; Kansas City 9 - Boston 8 |
|